 Dungeon Crawl Stone Soup version 0.18.1-8-gdd0e5ea (webtiles) character file.

287 M4edhros the Covert (level 6, -4/38 HPs)
             Began as an Octopode Artificer on June 8, 2016.
             Slain by an ogre
             ... wielding a +0 giant club
              (27 damage)
             ... on level 4 of the Dungeon.
             The game lasted 00:02:35 (2130 turns).

M4edhros the Covert (Octopode Artificer)            Turns: 2130, Time: 00:02:35

Health: -4/38      AC:  1    Str: 10    XL:     6   Next: 30%
Magic:  8/8        EV:  9    Int: 14    God:
Gold:   69         SH:  6    Dex: 15    Spells: 0 memorised, 5 levels left

rFire  . . .     SeeInvis .     l - +1 dagger (speed)
rCold  . . .     Gourm    .     u - +0 shield (curse)
rNeg   . . .     Faith    .     (helmet restricted)
rPois  .         Spirit   .     (no amulet)
rElec  .         Dismiss  .     m - ring of sustain attributes
rCorr  .         Reflect  .     (no ring)
SustAt +         Harm     .     (no ring)
MR     .....                    (no ring)
Stlth  ++++++....               (no ring)
                                (no ring)
                                (no ring)
                                (no ring)

@: not resistant to hostile enchantments, very stealthy
A: almost no armour, amphibious, 8 rings, constrict 8, camouflage 1, gelatinous
body 1
a: no special abilities


You were on level 4 of the Dungeon.
You were hungry.

You visited 1 branch of the dungeon, and saw 4 of its levels.

You collected 69 gold pieces.

Inventory:

Hand Weapons
 a - a +0 short sword
 l - a +1 dagger of speed (weapon)
 p - a +0 blowgun
Missiles
 q - 15 poisoned needles
 x - 6 poisoned tomahawks (quivered)
Armour
 s - a +0 buckler
 u - a cursed +0 shield (worn)
Jewellery
 m - a ring of sustain attributes (left tentacle)
Wands
 b - a wand of flame (14/48)
 c - a wand of enslavement (10/24)
 d - a wand of random effects (14/48)
Scrolls
 e - 2 scrolls of recharging {unknown}
 k - 3 scrolls of identify {unknown}
 n - 3 scrolls of fog {unknown}
 o - 2 scrolls of blinking {unknown}
Potions
 h - 3 potions of mutation {unknown}
 v - a potion of heal wounds {unknown}
 w - a potion of degeneration {unknown}
 z - a potion of agility {unknown}
Comestibles
 f - 2 bread rations
 g - a fruit
 j - a slice of pizza
 r - a meat ration
 A - 2 chunks of flesh


   Skills:
 - Level 1.0 Fighting
 - Level 1.0 Short Blades
 - Level 2.0 Dodging
 + Level 8.9 Stealth
 - Level 3.2 Evocations


You had 5 spell levels left.
You didn't know any spells.

Dungeon Overview and Level Annotations

Branches:
Dungeon (4/15)
 Temple: D:4-7

Altars:
Elyvilon


Innate Abilities, Weirdness & Mutations

You cannot wear most types of armour.
You are amphibious.
You can wear up to eight rings at the same time.
You can use your tentacles to constrict eight enemies at once.
Your skin changes colour to match your surroundings (Stealth).
Your rubbery body absorbs attacks (AC +1).


Message History

Drink which item? (? for menu, Esc to quit)
It was a potion of ambrosia.
You are confused.
You feel invigorated.
Drink which item? (? for menu, Esc to quit)
It was a potion of curing.
You feel better.
You feel less invigorated.
Evoke which item? (* to show all) (? for menu, Esc to quit)
Zapping:
d - a wand of random effects (15/48)
Press: ? - help, Shift-Dir - straight line, f - ogre
Aim: an ogre, wielding a giant club The ogre resists with significant effort.
This wand has 14 charges left.
The ogre hits you with a giant club!
Evoke which item? (* to show all) (? for menu, Esc to quit)
Zapping:
c - a wand of enslavement (11/24)
Press: ? - help, Shift-Dir - straight line, f/p - ogre
Aim: an ogre, wielding a giant club (chance to defeat MR: 52%)
The ogre resists with significant effort.
This wand has 10 charges left.
The ogre hits you with a giant club!!
Ouch! That really hurt!
You die...

#.###########.#.# #.# #.#.# #.###
#.# #.#.# #.#.. #.#
#.#.#########.#.#
#.###########.#........##.#.###
#>............................#
#.###########.########.##.#.#.##
#.###########.########.##.#.#..#
##..............@O...............
...........###.########..#.#.#...
...........# #.#########.#.#.O...
##.###########.............#F..#.
.................Z.......#)#.#.#.
#.#.##########################.#.
#.#..........................#.#.
#.#.####.####.####.####.####.#.#.
#.#.#(.'.'..#.#).'.+..#.#⌠.#.#.#.


You could see an ogre.

Vanquished Creatures
  A scorpion (D:4)
  A howler monkey (D:4)
  A centaur skeleton (D:4)
  A hound (D:4)
  An iguana (D:4)
  A gnoll (D:4)
  A howler monkey skeleton (D:4)
  4 adders
  A worm (D:2)
  4 giant geckos
  6 orcs (D:4)
  4 giant cockroaches
  5 goblins
  5 hobgoblins
  5 kobolds
  3 bats
  3 giant newts
  5 rats
52 creatures vanquished.

Vanquished Creatures (collateral kills)
  A worker ant (D:4)
  An adder skeleton (D:4)
2 creatures vanquished.

Grand Total: 54 creatures vanquished

Notes
Turn   | Place    | Note
--------------------------------------------------------------
     0 | D:1      | M4edhros the Octopode Artificer began the quest for the Orb.
     0 | D:1      | Reached XP level 1. HP: 13/13 MP: 3/3
    20 | D:1      | Reached skill level 2 in Stealth
    43 | D:1      | Reached skill level 3 in Stealth
    43 | D:1      | Reached XP level 2. HP: 10/18 MP: 4/4
   339 | D:1      | Reached skill level 4 in Stealth
   352 | D:1      | Reached XP level 3. HP: 10/23 MP: 5/5
   935 | D:3      | Reached skill level 5 in Stealth
  1034 | D:4      | Reached XP level 4. HP: 27/28 MP: 6/6
  1190 | D:4      | Reached skill level 6 in Stealth
  1190 | D:4      | Reached XP level 5. HP: 33/33 MP: 7/7
  1211 | D:4      | Reached skill level 7 in Stealth
  1522 | D:4      | Found a white marble altar of Elyvilon.
  1720 | D:4      | Reached skill level 8 in Stealth
  2093 | D:4      | Reached XP level 6. HP: 25/38 MP: 8/8
  2130 | D:4      | Slain by an ogre

Skill      XL: |  1  2  3  4  5 |
---------------+----------------+-----
Stealth        | 3 4 5 6 8 |  8.9
Fighting       | |  1.0
Short Blades   | |  1.0
Dodging        | |  2.0
Evocations     | |  3.2

Action                   |  1- 3 |  4- 6 || total
-------------------------+-------+-------++-------
Melee: Short sword       |    34 |       ||    34
       Constrict         |    18 |    10 ||    28
       Dagger            |    43 |    49 ||    92
       Tentacles         |     5 |     5 ||    10
Evoke: Wand              |       |     7 ||     7
  Use: Potion            |       |     2 ||     2
 Stab: Sleeping          |    11 |     6 ||    17
  Eat: Chunk             |       |     3 ||     3
Armor: Skin              |     3 |       ||     3
Dodge: Dodged            |    39 |    14 ||    53
Block: Shield            |       |     4 ||     4
       Buckler           |       |     3 ||     3
